 Seeded DCSS version 0.29.1-15-g9cfb28693d (webtiles) character file.

Game seed: 7238209520851391500 (custom seed)

266 Mickster the Chopper (level 5, -1/45 HPs)
             Began as a Demigod Fighter on Feb 26, 2023.
             Killed from afar by Blork the orc (5 damage)
             ... with a magic dart
             ... on level 4 of the Dungeon.
             The game lasted 00:31:17 (2731 turns).

Mickster the Chopper (Demigod Fighter)              Turns: 2731, Time: 00:31:20

Health: -1/45      AC: 10    Str: 21    XL:     5   Next: 67%
Magic:  7/7        EV:  9    Int: 10    God:
Gold:   106        SH:  5    Dex: 13    Spells: 4/4 levels left

rFire   x . .      SeeInvis .   a - +1 war axe
rCold   + . .      Faith    .   c - +0 buckler
rNeg    . . .      Spirit   .   b - +0 scale mail
rPois   .          Reflect  .   g - +0 helmet
rElec   .          Harm     .   f - +0 cloak
rCorr   .          Rampage  .   (no gloves)
Will    .....                   m - +0 pair of boots
Stlth   ..........              (no amulet)
HPRegen 0.15/turn               i - ring of ice
MPRegen 0.10/turn               (no ring)

@: no status effects
A: high MP 1, forlorn, divine attributes
a: no special abilities


You were on level 4 of the Dungeon.
You visited 1 branch of the dungeon, and saw 4 of its levels.

You collected 106 gold pieces.

Inventory:

Hand Weapons
 a - a +1 war axe (weapon)
 l - a +0 long sword
Missiles
 e - 34 stones (quivered)
Armour
 b - a +0 scale mail (worn)
 c - a +0 buckler (worn)
 f - a +0 cloak (worn)
 g - a +0 helmet (worn)
 m - a +0 pair of boots (worn)
Jewellery
 i - a ring of ice (left hand)
Scrolls
 h - a scroll of magic mapping
Potions
 d - a potion of might
 j - a potion of ambrosia {unknown}


   Skills:
 + Level 3.1 Fighting
 * Level 4.4 Axes
 + Level 3.3 Armour
 + Level 1.2 Dodging
 + Level 3.3 Shields


You had 4 spell levels left.
You didn't know any spells.
Your spell library contained the following spells:

 Spells                   Type           Power      Damage    Failure   Level
 Apportation              Tloc           0%         N/A       80%         1
 Magic Dart               Conj           0%         1d3       80%         1
 Necrotise                Necr           0%         1d4       80%         1
 Sting                    Tmut/Pois      0%         1d3       80%         1
 Summon Small Mammal      Summ           0%         N/A       80%         1
 Call Imp                 Summ           0%         N/A       90%         2
 Poisonous Vapours        Pois/Air       0%         N/A       90%         2
 Mephitic Cloud           Conj/Pois/Air  0%         N/A       99%         3
 Olgreb's Toxic Radiance  Pois           0%         N/A       100%        4


Dungeon Overview and Level Annotations

Branches:
Dungeon (4/15)
 Temple: D:4-7

Annotations:
D:4 Blork the orc


Innate Abilities, Weirdness & Mutations

You have an increased reservoir of magic. (+10% MP)
You shall have no god before yourself.
Your divine heritage dramatically boosts your attributes as you level up.


Message History

Blork the orc is lightly wounded.
You hit the adder. You block the adder's attack.
Blork the orc hits you but does no damage.
The adder closely misses you.
Blork the orc hits you with a +4 trident of protection.
You barely miss Blork the orc.
Blork the orc is lightly wounded.
You miss the adder. The adder bites you but does no damage.
Blork the orc barely misses you. The adder bites you.
You are poisoned.
The adder poisons you!
Blork the orc hits you with a +4 trident of protection.
You hit Blork the orc but do no damage.
Blork the orc is lightly wounded.
You barely miss the adder.
You feel sick. You block the adder's attack.
Blork the orc points at you and mumbles some strange words.
The magic dart hits you but does no damage.
The adder barely misses you. Blork the orc barely misses you.
You slash Blork the orc!
Blork the orc is moderately wounded.
You slash the adder!
You kill the adder!
You feel sick. Blork the orc casts a spell at you. The magic dart hits you.
* * * LOW HITPOINT WARNING * * *
Blork the orc closely misses you.
You hit Blork the orc.
Blork the orc is heavily wounded.
You feel sick.
Blork the orc gestures at you while chanting.
The magic dart hits you.
* * * LOW HITPOINT WARNING * * *
You slash Blork the orc!
Blork the orc is almost dead.
You feel sick.
You are no longer poisoned.
Blork the orc casts a spell at you. The magic dart hits you.
You die...

#..<..#
#.....#
#....=# .
##.....##..
..........
#......... #
#.o†......
... #.@..!#
.....##.....#
.......<....+
#....##.....#
#... #.....#
#.. #...!.#
#. ####### #


You could see Blork the orc (fast).

Vanquished Creatures
  Sigmund (D:3)
  Jessica (D:2)
  3 adders
  A dart slug (D:1)
  An orc (D:3)
  2 bats (D:2)
  6 endoplasms
  3 giant cockroaches
  8 goblins
  3 hobgoblins
  2 quokkas
  4 ball pythons
  3 frilled lizards (D:2)
  5 kobolds
  5 rats
48 creatures vanquished.

Notes
Turn   | Place    | Note
-------+----------+-------------------------------------------
     0 | D:1      | Mickster the Demigod Fighter began the quest for the Orb.
     0 | D:1      | Reached XP level 1. HP: 18/18 MP: 3/3
   565 | D:1      | Reached XP level 2. HP: 9/25 MP: 4/4
  1124 | D:1      | Reached skill level 2 in Axes
  1372 | D:2      | Noticed Jessica
  1378 | D:2      | Killed Jessica
  1379 | D:2      | Reached XP level 3. HP: 28/31 MP: 5/5
  1654 | D:2      | Reached skill level 3 in Axes
  2273 | D:3      | Noticed Sigmund
  2284 | D:3      | Killed Sigmund
  2285 | D:3      | Reached skill level 4 in Axes
  2285 | D:3      | Reached skill level 1 in Dodging
  2285 | D:3      | Reached XP level 4. HP: 38/38 MP: 6/6
  2285 | D:3      | Reached XP level 5. HP: 45/45 MP: 7/7
  2718 | D:4      | Noticed Blork the orc
  2731 | D:4      | Killed from afar by Blork the orc

Illustrated notes

Levels and vault maps discovered:
D:1:      shiori_arrival_oz, layout_basic
D:2:      layout_loops_ring, basic_altar, ebering_ecumenical_altar_mist,
          uniq_jessica
D:3:      layout_basic, uniq_sigmund
D:4:      layout_gridville, minitemple, minmay_temple_entry_purple_smoke,
          serial_bayou_crossing, uniq_blork_the_orc, uniq_edmund, uniq_grinder,
          uniq_natasha

Skill      XL: |  1  2  3 |
---------------+----------+-----
Axes           | 2 4 |  4.4
Fighting       | 3 |  3.1
Armour         | 3 |  3.3
Shields        | 3 |  3.3
Dodging        | 1 |  1.2

Action                   |  1- 3 |  4- 6 || total
-------------------------+-------+-------++-------
Melee: War axe           |   130 |    32 ||   162
  Use: Potion            |     4 |       ||     4
       Scroll            |     5 |     2 ||     7
Armor: Scale mail        |    66 |    19 ||    85
Dodge: Dodged            |    58 |    17 ||    75
Block: Buckler           |    38 |     6 ||    44
